 Dungeon Crawl Stone Soup version 0.29.1-1-gd02db6906a (webtiles) character file.

Game seed: 6871467727614560729

3101 avis the Skirmisher (level 9, -4/74 HPs)
             Began as a Demigod Hunter on Sept 22, 2022.
             Slain by Erica
             ... wielding a +3 scimitar of flaming
              (10 damage)
             ... on level 8 of the Dungeon.
             The game lasted 00:45:23 (6944 turns).

avis the Skirmisher (Demigod Hunter)                Turns: 6944, Time: 00:45:26

Health: -4/74      AC:  8    Str: 12    XL:     9   Next: 33%
Magic:  11/11      EV: 13    Int: 11    God:
Gold:   44         SH:  0    Dex: 39    Spells: 8/8 levels left

rFire   . . .      SeeInvis .   a - +1 long sword of Popular Demand {pain, *Corrode rElec rN++ Dex+4}
rCold   . . .      Faith    .   (no shield)
rNeg    + + .      Spirit   .   y - +3 leather armour
rPois   .          Reflect  .   (no helmet)
rElec   +          Harm     .   (no cloak)
rCorr   +          Rampage  .   q - +0 pair of gloves
Will    .....                   D - +0 pair of boots
Stlth   +++.......              r - amulet of regeneration
HPRegen 1.02/turn               s - +6 ring of dexterity
MPRegen 0.12/turn               j - ring of resist corrosion

@: grasped by roots, hasted, constricted, very quick
A: high MP 1, forlorn, divine attributes
a: no special abilities


You were on level 8 of the Dungeon.
You visited 2 branches of the dungeon, and saw 9 of its levels.

You collected 362 gold pieces.
You spent 318 gold pieces at shops.

Inventory:

Hand Weapons
 a - the +1 long sword of Popular Demand (weapon) {pain, *Corrode rElec rN++ Dex+4}
   (You took it off a centaur on level 5 of the Dungeon)

   In the hands of one skilled in necromantic magic, it inflicts extra damage on
   living creatures.
   Dex:       It affects your dexterity (+4).
   rElec:     It insulates you from electricity.
   rN:        It greatly protects you from negative energy.
   *Corrode:  It may corrode you when you take damage.
 b - a +0 shortbow
Missiles
 n - 5 poisoned darts
Armour
 q - a +0 pair of gloves (worn)
 y - a +3 leather armour (worn)
 D - a +0 pair of boots (worn)
Jewellery
 j - a ring of resist corrosion (right hand)
 r - an amulet of regeneration (around neck)
 s - a +6 ring of dexterity (left hand)
Wands
 k - a wand of digging (8)
 w - a wand of paralysis (8)
 J - a wand of mindburst (16)
 S - a wand of roots (3)
Scrolls
 e - 2 scrolls of enchant weapon {unknown}
 o - 2 scrolls of vulnerability {unknown}
 p - a scroll of noise {unknown}
 t - 5 scrolls of teleportation
 U - a scroll of fear
Potions
 c - a potion of heal wounds
 g - a potion of brilliance
 i - 3 potions of haste
 u - 2 potions of flight
 v - a potion of lignification
 L - a potion of cancellation
 N - a potion of resistance
 P - a potion of magic


   Skills:
 - Level 5.0 Fighting
 * Level 2.4 Long Blades
 + Level 11.1 Ranged Weapons
 - Level 4.0 Dodging
 - Level 0.8 Stealth


You had 8 spell levels left.
You didn't know any spells.
Your spell library contained the following spells:

 Spells                   Type           Power      Damage    Failure   Level
 Magic Dart               Conj           0%         1d3       41%         1
 Call Imp                 Summ           0%         N/A       56%         2
 Sublimation of Blood     Necr           0%         N/A       56%         2
 Wereblood                Tmut           0%         N/A       56%         2
 Confusing Touch          Hex            0%         N/A       80%         3
 Mephitic Cloud           Conj/Pois/Air  0%         N/A       80%         3
 Fireball                 Conj/Fire      0%         3d3       100%        5
 Yara's Violent Unravell  Hex/Tmut       0%         3d3       100%        5
 Starburst                Conj/Fire      0%         6d3       100%        6
 Enfeeble                 Hex            0%         N/A       100%        7
 Summon Hydra             Summ           0%         N/A       100%        7
 Ignition                 Fire           0%         3d3       100%        8


Dungeon Overview and Level Annotations

Branches:
Dungeon (8/15)             Temple (1/1) D:5
   Lair: D:8-11

Shops:
D:1 [   D:7 ((?*

Annotations:
D:7 1 runed translucent door, TheBeaver's ghost, weakling DsDe
D:8 Erica


Innate Abilities, Weirdness & Mutations

You have an increased reservoir of magic. (+10% MP)
You shall have no god before yourself.
Your divine heritage dramatically boosts your attributes as you level up.


Message History

You kill the kobold!
You feel sick.
Unknown command.
Fire: b) +0 shortbow
Press: ? - help, Q - select action, (/) - cycle Shift-Dir - straight line You shoot an arrow.
The arrow hits the kobold brigand but does no damage.
The kobold throws a stone.
The stone barely misses you.
You are constricted!
The grasping roots release their grip on you.
Fire: b) +0 shortbow
Press: ? - help, Q - select action, (/) - cycle Shift-Dir - straight line You shoot an arrow.
You feel sick.
The kobold throws a stone.
The stone misses you.
Unknown command.
Fire: b) +0 shortbow
Press: ? - help, Q - select action, (/) - cycle Shift-Dir - straight line, f - kobold
Aim: a kobold, wielding a +0 short sword and quivering stones (69% to hit)
Okay, then.
You feel agile.
You have a feeling of ineptitude.
a - the +1 long sword of Popular Demand (weapon)
{pain, *Corrode rElec rN++ Dex+4} You feel sick.
You closely miss something.
The kobold throws a stone.
The stone barely misses you.
You hear some strange, mumbled words.
Something tries to affect you, but you resist.
You hit something.
You feel sick. Something hits you! Something burns you.
You hit something.
You feel sick.
The kobold throws a stone.
The stone completely misses you.
You hear a zap.
The roots erupt in riotous growth!
The grasping roots grab you!
You are constricted.
You miss something.
You feel sick.
You are no longer poisoned.
The kobold throws a stone.
The stone hits you but does no damage. Something hits you!!
* * * LOW HITPOINT WARNING * * *
Something burns you!
You die...

.# ##. # #. .. ..
... .... ##J#.#
.#. ..... .. #
#.#.# .#
#.###.#.###.#.##..
#......KK{@.......
#.....K###..##.#
#......# .#
#....K.# #
#.....K# #......#
#......# #####.##
#.#


You could see 3 kobolds.

Vanquished Creatures
  Sigmund (D:6)
  A steam dragon (D:7)
  A water moccasin (D:4)
  2 orc warriors (D:6)
  4 black bears
  2 ice beasts
  3 ogres (D:5)
  A centaur (D:5)
  Blork the orc (D:6)
  3 bullfrogs
  3 scorpions
  4 howler monkeys
  An electric eel (D:7)
  2 jellies
  6 orc priests
  4 hounds (D:5)
  10 orc wizards
  6 iguanas
  8 adders
  3 gnolls (D:7)
  4 white imps
  2 ufetubi
  A worm (D:4)
  2 dart slugs
  34 orcs
  11 ball pythons
  5 endoplasms
  4 giant cockroaches
  8 goblins
  5 hobgoblins
  5 jackals
  2 quokkas
  4 bats
  5 frilled lizards
  8 kobolds
  5 rats
171 creatures vanquished.

Vanquished Creatures (others)
  2 plants (D:4)
2 creatures vanquished.

Grand Total: 173 creatures vanquished

Notes
Turn   | Place    | Note
-------+----------+-------------------------------------------
     0 | D:1      | avis the Demigod Hunter began the quest for the Orb.
     0 | D:1      | Reached XP level 1. HP: 17/17 MP: 3/3
   136 | D:1      | Reached XP level 2. HP: 24/24 MP: 4/4
   232 | D:1      | Reached skill level 4 in Ranged Weapons
   831 | D:1      | Found Agiloqeu's Armour Emporium.
  1360 | D:2      | Reached XP level 3. HP: 29/29 MP: 5/5
  2003 | D:3      | Reached XP level 4. HP: 26/37 MP: 6/6
  2149 | D:3      | Reached skill level 5 in Ranged Weapons
  2752 | D:3      | Reached XP level 5. HP: 45/45 MP: 7/7
  3812 | D:5      | Entered Level 5 of the Dungeon
  3815 | D:5      | Noticed a water moccasin
  3818 | D:5      | Noticed an ogre
  3826 | D:4      | Killed a water moccasin
  3827 | D:4      | Reached skill level 6 in Ranged Weapons
  3827 | D:4      | Reached XP level 6. HP: 25/51 MP: 8/8
  4054 | D:5      | Identified the +1 long sword of Popular Demand {pain,
                  | *Corrode rElec rN++ Dex+4}
  4058 | D:5      | Reached skill level 7 in Ranged Weapons
  4058 | D:5      | Reached XP level 7. HP: 55/57 MP: 9/9
  4196 | D:5      | Found a staircase to the Ecumenical Temple.
  4327 | D:5      | Reached skill level 8 in Ranged Weapons
  4528 | D:5      | Reached XP level 8. HP: 67/67 MP: 10/10
  4537 | D:5      | Reached skill level 5 in Fighting
  4620 | D:5      | Reached skill level 9 in Ranged Weapons
  4662 | D:5      | Identified the +0 spear "Jirphuk" {vorpal, *Slow +Blink
                  | Int+6 Dex+2}
  4978 | D:6      | Noticed Blork the orc
  4982 | D:6      | Killed Blork the orc
  5037 | D:6      | Reached skill level 10 in Ranged Weapons
  5537 | D:6      | Noticed Sigmund
  5555 | D:6      | Killed Sigmund
  5742 | D:6      | Reached XP level 9. HP: 74/74 MP: 11/11
  6097 | D:6      | Reached skill level 11 in Ranged Weapons
  6103 | D:6      | Reached skill level 1 in Long Blades
  6383 | D:7      | Found a runed translucent door.
  6383 | D:7      | Noticed a +3 mace of chaos
  6383 | D:7      | Noticed TheBeaver's ghost (weakling DsDe)
  6551 | D:7      | Found Xoruhoom's Magic Scroll Shoppe.
  6552 | D:7      | Found Vyic's Weapon Shoppe.
  6566 | D:7      | Found Ysmuox's General Store.
  6570 | D:7      | Found Koerchad's Weapon Shoppe.
  6585 | D:7      | Bought a scroll of teleportation for 39 gold pieces
  6585 | D:7      | Bought a scroll of enchant armour for 97 gold pieces
  6585 | D:7      | Bought a scroll of fear for 52 gold pieces
  6585 | D:7      | Bought a scroll of amnesia for 52 gold pieces
  6585 | D:7      | Bought a scroll of identify for 26 gold pieces
  6585 | D:7      | Bought a scroll of identify for 26 gold pieces
  6585 | D:7      | Bought a scroll of identify for 26 gold pieces
  6775 | Temple   | Entered the Ecumenical Temple
  6926 | D:8      | Noticed Erica
  6944 | D:8      | Slain by Erica

Illustrated notes

Levels and vault maps discovered:
D:1:      matt_arrival_diagonals, layout_basic, serial_shops,
          nicolae_shop_temple_entry_statues_fountains,
          dreamdust_ecumenical_altar_hidden_monk_grotto, amethyst_killhole
D:2:      layout_basic
D:3:      layout_basic, hangedman_decor_diamond_cutter
D:4:      layout_cave_pools, serial_bayou_lake_a
D:5:      layout_loops_ring, fedhas_bush_and_centaur_altar,
          mainiacjoe_overflow_concentric_impassable, kennysheep_little_box,
          temple_statues, serial_rivers, chequers_serial_rivers_room_a,
          chequers_serial_rivers_room_b, chequers_serial_rivers_room_a,
          chequers_serial_rivers_small_3, minmay_increasing_density
D:6:      layout_loops_ring, uniq_blork_the_orc, uniq_sigmund
D:7:      layout_cave_pools, nicolae_overflow_hidden_temple, ebering_ghost_xom,
          hex_large, nicolae_water_bricks, minmay_shop_grid_forest
D:8:      layout_basic, david_lair_generic, uniq_erica
Temple:   compressed_dpeg_triangle_lava_temple

Skill      XL: |  1  2  3  4  5  6  7  8  9 |
---------------+----------------------------+-----
Fighting       | 2 3 4 5 |  5.0
Ranged Weapons | 4 5 6 7 8 10 11 | 11.1
Dodging        | 2 3 4 |  4.0
Long Blades    | 2 |  2.4
Stealth        | |  0.8

Action                   |  1- 3 |  4- 6 |  7- 9 || total
-------------------------+-------+-------+-------++-------
Melee: Long sword        |       |       |    53 ||    53
       Punch             |       |       |     2 ||     2
 Fire: Shortbow          |   101 |   138 |   258 ||   497
  Use: Scroll            |       |     6 |     5 ||    11
       Potion            |       |       |     2 ||     2
Armor: Leather armour    |     9 |    29 |    60 ||    98
       Ring mail         |     2 |     1 |       ||     3
Dodge: Dodged            |    21 |    49 |   117 ||   187
